 Dungeon Crawl Stone Soup version 0.25.0-3-gd7cc5688da (webtiles) character file.

Game seed: 17280001675939588400

113 HoaS the Ruffian (level 4, -1/28 HPs)
             Began as a Gargoyle Gladiator on June 15, 2020.
             Was a Follower of Makhleb.
             Slain by Natasha (5 damage)
             ... on level 4 of the Dungeon.
             The game lasted 00:07:51 (2552 turns).

HoaS the Ruffian (Gargoyle Gladiator)               Turns: 2552, Time: 00:07:52

Health: -1/28      AC:  7    Str: 19    XL:     4   Next: 96%
Magic:  4/4        EV: 12    Int:  8    God:    Makhleb [*.....]
Gold:   147        SH:  0    Dex: 11    Spells: 3/3 levels left

rFire    . . .     SeeInvis .     - Unarmed
rCold    . . .     Gourm    .   (no shield)
rNeg     + . .     Faith    .   a - +0 leather armour
rPois    ∞         Spirit   .   b - +0 helmet
rElec    +         Reflect  .   (no cloak)
rCorr    .         Harm     .   (no gloves)
MR       .....                  (no boots)
Stlth    +.........             (no amulet)
HPRegen  0.09/turn              (no ring)
MPRegen  0.09/turn              (no ring)

@: no status effects
A: negative energy resistance 1, electricity resistance, unbreathing,
petrification resistance, rot immunity, AC +3
a: Renounce Religion


You were on level 4 of the Dungeon.
You worshipped Makhleb.
Makhleb was aware of your devotion.
You were not hungry.

You visited 1 branch of the dungeon, and saw 4 of its levels.
You also visited: Sewer.

You collected 147 gold pieces.

Inventory:

Missiles
 c - 3 throwing nets (quivered)
 e - 8 boomerangs
Armour
 a - a +0 leather armour (worn)
 b - a +0 helmet (worn)
Jewellery
 p - an uncursed ring of flight
Wands
 o - a wand of flame (17)
Scrolls
 j - 3 scrolls of teleportation
 m - a scroll of identify
Potions
 f - 2 potions of flight {unknown}
 h - 2 potions of might {unknown}
 i - a potion of magic {unknown}
 k - a potion of cancellation {unknown}
 l - a potion of curing {unknown}
 n - a potion of invisibility {unknown}
 q - a potion of stabbing {unknown}
Comestibles
 d - 12 rations
 g - 8 chunks of flesh


   Skills:
 + Level 3.5 Fighting
 - Level 1.7 Throwing
 - Level 2.4 Dodging
 * Level 4.8 Unarmed Combat


You had 3 spell levels left.
You didn't know any spells.
Your spell library contained the following spells:

 Spells                   Type           Power        Failure   Level  Hunger
 Confusing Touch          Hex            #.......     83%         3    ####...
 Gell's Gravitas          Tloc           #.........   83%         3    ####...
 Petrify                  Tmut/Erth      #.......     99%         4    #####..
 Metabolic Englaciation   Hex/Ice        #.........   100%        5    ######.
 Yara's Violent Unravell  Hex/Tmut       #.........   100%        5    ######.


Dungeon Overview and Level Annotations

Branches:
Dungeon (4/15)              Sewer (visited)
 Temple: D:4-7

Altars:
Elyvilon
Makhleb
Nemelex Xobeh
Vehumet

Annotations:
D:4 Natasha


Innate Abilities, Weirdness & Mutations

You are resistant to torment.
Your stone body is resilient. (AC +3)
You are immune to poison.
You resist negative energy. (rN+)
You are resistant to electric shocks. (rElec)
You can survive without breathing.
You are immune to petrification.
You are immune to rotting.


Message History

You barely miss Natasha.
Natasha is severely wounded.
The worker ant bites you. Natasha claws you.
You hit Natasha but do no damage.
Natasha is severely wounded.
The worker ant closely misses you. Natasha closely misses you.
You hit Natasha.
Natasha is almost dead.
The worker ant closely misses you. Natasha misses you.
The worker ant barely misses you.
You barely miss Natasha.
Natasha is almost dead.
Natasha completely misses you. The worker ant bites you.
* * * LOW HITPOINT WARNING * * *
The dart slug bites you.
* * * LOW HITPOINT WARNING * * *
You hit Natasha.
Natasha is almost dead.
Natasha claws you.
You die...

.........
.... ....
.........
##..#.....
#.......#.
#.........
#........#
#h@a......
#.w.......
#.........
#....>.(.)
#.......##
#........#
#........#
#.........


You could see a worker ant, Natasha and a dart slug.

Vanquished Creatures
  3 adders
  An ooze (D:3)
  A worm (Sewer)
  A dart slug (D:3)
  3 leopard geckos
  2 orcs (D:3)
  6 giant cockroaches
  3 goblins
  6 hobgoblins
  10 jackals
  4 kobolds
  2 quokkas (D:3)
  3 ball pythons
  13 bats
  3 frilled lizards
  5 rats
66 creatures vanquished.

Notes
Turn   | Place    | Note
-------+----------+-------------------------------------------
     0 | D:1      | HoaS the Gargoyle Gladiator began the quest for the Orb.
     0 | D:1      | Reached XP level 1. HP: 12/12 MP: 1/1
   113 | D:1      | Reached XP level 2. HP: 18/18 MP: 2/2
  1043 | D:2      | Found a burning altar of Makhleb.
  1043 | D:2      | Found a radiant altar of Vehumet.
  1047 | D:2      | Became a worshipper of Makhleb the Destroyer
  1089 | D:2      | Found a sparkling altar of Nemelex Xobeh.
  1131 | D:3      | Found a glowing drain.
  1139 | D:3      | Reached XP level 3. HP: 18/22 MP: 3/3
  1177 | Sewer    | Entered a sewer
  1181 | Sewer    | Reached skill level 4 in Unarmed Combat
  1278 | Sewer    | Reached XP level 4. HP: 25/28 MP: 4/4
  1422 | Sewer    | Reached * piety under Makhleb
  1724 | D:3      | Found a white marble altar of Elyvilon.
  2537 | D:4      | Noticed Natasha
  2552 | D:4      | Slain by Natasha

Illustrated notes

Levels and vault maps discovered:
D:1:      dpeg_arrival_rooms_a, layout_rooms
D:2:      layout_loops_ring, gammafunk_temple_overflow_wave, first_ration,
          lemuel_tele_altar
D:3:      layout_loops_cross, lemuel_crystal_altar, gup_sewer_entry_glass,
          grunt_ministairs_4
D:4:      layout_rooms, uniq_duvessa, uniq_natasha, uniq_sigmund

Skill      XL: |  1  2  3 |
---------------+----------+-----
Unarmed Combat | 4 |  4.8
Fighting       | 3 |  3.5
Throwing       | |  1.7
Dodging        | |  2.4

Action                   |  1- 3 |  4- 6 || total
-------------------------+-------+-------++-------
Melee: Unarmed           |   104 |   156 ||   260
       Punch             |     1 |     2 ||     3
  Use: Scroll            |     4 |     3 ||     7
       Potion            |     1 |       ||     1
  Eat: Chunk             |     1 |     5 ||     6
Armor: Leather armour    |    36 |   108 ||   144
       Skin              |     9 |       ||     9
Dodge: Dodged            |    62 |   175 ||   237
